 Dungeon Sprint DCSS version 0.27-a0-538-g15ff5c5295 (webtiles) character file.

Game seed: 8117006298784673820

17979 mhtbhm the Peltast (level 12, -7/124 HPs)
             Began as a Minotaur Fighter on Mar 6, 2021.
             Was the Champion of Trog.
             Mangled by a deep elf sorcerer
             ... wielding a +0 long sword
              (13 damage)
             ... in the Dungeon (Sprint VII: "The Pits").
             The game lasted 00:05:16 (2857 turns).

mhtbhm the Peltast (Minotaur Fighter)               Turns: 2857, Time: 00:05:17

Health: -7/124     AC: 13    Str: 26    XL:     12   Next: 23%
Magic:  11/11      EV: 11    Int:  5    God:    Trog [******]
Gold:   59         SH: 15    Dex: 10    Spells: 11/11 levels left

rFire    + . .     SeeInvis .   a - +5 war axe (flame)
rCold    + . .     Faith    .   c - +0 kite shield
rNeg     . . .     Spirit   .   b - +2 chain mail {rF+}
rPois    .         Reflect  .   (helmet restricted)
rElec    .         Harm     .   m - +0 cloak
rCorr    .         Rampage  .   r - +0 pair of gloves
Will     +....     NoTele   +   s - +0 pair of boots
Stlth    ..........             (no amulet)
HPRegen  0.30/turn              z - ring of willpower
MPRegen  0.12/turn              y - ring of protection from cold

@: corroded, berserk cooldown, slowed, very slow
A: horns 2, retaliatory headbutt
a: Renounce Religion, Berserk, Trog's Hand, Brothers in Arms


You were in the Dungeon.
You worshipped Trog.
Trog was exalted by your worship.
You visited 1 branch You collected 59 gold pieces.

Inventory:

Hand Weapons
 a - a +5 war axe of flaming (weapon)
 t - a +3 antimagic broad axe
Missiles
 n - 8 poisoned darts
 u - 6 curare-tipped darts (quivered)
Armour
 b - a +2 chain mail of fire resistance (worn)
 c - a +0 kite shield (worn)
 m - a +0 cloak (worn)
 r - a +0 pair of gloves (worn)
 s - a +0 pair of boots (worn)
Jewellery
 y - a ring of protection from cold (right hand)
 z - a ring of willpower (left hand)
 B - a ring of willpower
Wands
 A - a wand of acid (9)
Scrolls
 j - 3 scrolls of blinking
 l - a scroll of summoning
 v - 3 scrolls of enchant armour
 w - 2 scrolls of fear
 x - 3 scrolls of fog
Potions
 d - 3 potions of might
 e - 7 potions of curing
 f - 6 potions of heal wounds
 g - 2 potions of haste
 h - 5 potions of magic
 i - 5 potions of berserk rage
 k - 2 potions of invisibility
 p - a potion of resistance
 q - 3 potions of mutation


   Skills:
 + Level 16.9 Fighting
 + Level 18.0 Axes
 + Level 17.3 Armour
 + Level 7.3 Dodging
 + Level 2.5 Stealth
 + Level 18.6 Shields


You had 11 spell levels left.
You didn't know any spells.
Your spell library was empty.

Dungeon Overview and Level Annotations

Branches:
Dungeon (1/1)

Altars:
Ashenzari
Cheibriados
Dithmenos
Elyvilon
Fedhas
Gozag
Hepliaklqana
Kikubaaqudgha
Makhleb
Nemelex Xobeh
Okawaru
Qazlal
Ru
Sif Muna
Trog
Uskayaw
Vehumet
Wu Jian
Xom
Yredelemnul
Zin
The Shining One
Beogh
Jiyva
Lugonu


Innate Abilities, Weirdness & Mutations

You have a pair of horns on your head.
You reflexively headbutt those who attack you in melee.


Message History

Trog accepts your kill.
You completely miss the deep elf sorcerer.
The deep elf sorcerer hits you with a +0 long sword.
* * * LOW HITPOINT WARNING * * *
Your Axes skill increases to level 18!
You feel much better.
Your deep troll rages.
The wind drake flaps its wings at you. The air twists around and strikes you!
* * * LOW HITPOINT WARNING * * *
You block the deep elf sorcerer's attack.
Your deep troll rages.
The deep elf sorcerer misses you.
You swap places.
Your deep troll bites the deep elf sorcerer!!
Your deep troll claws the deep elf sorcerer!
Your deep troll claws the deep elf sorcerer!!
The deep elf sorcerer casts a spell at your deep troll.
Your deep troll is devoured by a tear in reality.
Items here: )) [ ††.
You feel much better.
The deep elf sorcerer casts a spell at you.
The bolt of acid hits you!!
* * * LOW HITPOINT WARNING * * *
The acid corrodes you!
You are splashed with acid!
* * * LOW HITPOINT WARNING * * *
You block the deep elf sorcerer's attack.
Press: ? - help, v - describe, . - travel, g - get item
Here: a deep elf sorcerer, wielding a +0 long sword and wearing a +3 leather armour (translocational energy, almost dead, fast) Item here: a +2 antimagic hand axe.
The floor, spattered with blood.
Unknown command.
You feel much better.
The deep elf sorcerer casts a spell at you.
The bolt of acid hits you!!
* * * LOW HITPOINT WARNING * * *
The acid corrodes you!
You are splashed with acid!
* * * LOW HITPOINT WARNING * * *
The deep elf sorcerer hits you with a +0 long sword!
You die...

#..#....#..#
+..........#
+..........#
#..#....#..#
#..........+
#..........+
###''####''#
###'§####''##########
#...@ek##............
#.#'##.##.....)[.....
#.#.Z .##..########## #
'.k#.##..# .#||+.##..#
++###########.+.)#.##..#
.......##..## ##+#.##..#
#......##..# .##..#
.......''.)# #..#


You could see a deep elf sorcerer (fast) and a wind drake (repels missiles).

Vanquished Creatures
  A deep elf blademaster (D)
  A nagaraja (D)
  Nessos (D)
  Josephine (D)
  A catoblepas (D)
  A death yak (D)
  An alligator (D)
  Sonja (D)
  2 swamp dragons (D)
  An unseen horror (D)
  A wizard (D)
  A lindwurm (D)
  A phantasmal warrior (D)
  A manticore (D)
  2 komodo dragons (D)
  A kobold demonologist (D)
  A wandering mushroom (D)
  A troll (D)
  A polar bear (D)
  A tyrant leech (D)
  3 hornets (D)
  A tarantella (D)
  A shadow (D)
  A redback (D)
  A large abomination (D)
  A wyvern (D)
  5 wraiths (D)
  4 vampire mosquitoes (D)
  A water elemental (D)
  Grum (D)
  A soldier ant (D)
  A water moccasin (D)
  A floating eye (D)
  A swamp drake (D)
  2 sky beasts (D)
  An eye of draining (D)
  A necrophage (D)
  7 wolves (D)
  3 centaurs (D)
  4 kobold brigands (D)
  8 killer bees (D)
  A crimson imp (D)
  2 quasits (D)
  A jelly (D)
  A gnoll shaman (D)
  2 hounds (D)
  An iron imp (D)
  Crazy Yiuf (D)
  A mummy (D)
  2 gnolls (D)
  A river rat (D)
  An adder (D)
  2 ufetubi (D)
  An adder skeleton (D)
  An orc (D)
  2 giant cockroaches (D)
  A goblin (D)
  A hobgoblin (D)
  3 jackals (D)
  A quokka (D)
  A ball python (D)
  2 kobolds (D)
  A leopard gecko skeleton (D)
  A rat (D)
102 creatures vanquished.

Vanquished Creatures (collateral kills)
  A hell beast (D)
  2 kobold demonologists (D)
  A freezing wraith (D)
  An ice devil (D)
  An eye of draining (D)
6 creatures vanquished.

Grand Total: 108 creatures vanquished

Notes
Turn   | Place    | Note
-------+----------+-------------------------------------------
     0 | D        | mhtbhm the Minotaur Fighter began the quest for the Orb.
     0 | D        | Reached XP level 1. HP: 19/19 MP: 0/0
    25 | D        | Found a bloodstained altar of Trog.
    25 | D        | Found a shimmering blue altar of Sif Muna.
    25 | D        | Found a viscous altar of Jiyva.
    25 | D        | Found a hazy altar of Hepliaklqana.
    25 | D        | Found an opulent altar of Gozag.
    26 | D        | Found a glowing golden altar of the Shining One.
    26 | D        | Found a glowing silver altar of Zin.
    26 | D        | Found a basalt altar of Yredelemnul.
    26 | D        | Found a shimmering altar of Xom.
    26 | D        | Found an ornate altar of the Wu Jian Council.
    26 | D        | Found a sacrificial altar of Ru.
    26 | D        | Found a stormy altar of Qazlal.
    26 | D        | Found an iron altar of Okawaru.
    26 | D        | Found a sparkling altar of Nemelex Xobeh.
    26 | D        | Found a burning altar of Makhleb.
    26 | D        | Found a blossoming altar of Fedhas.
    26 | D        | Found a white marble altar of Elyvilon.
    26 | D        | Found a shadowy altar of Dithmenos.
    26 | D        | Found a snail-covered altar of Cheibriados.
    28 | D        | Found a radiant altar of Vehumet.
    28 | D        | Found a corrupted altar of Lugonu.
    30 | D        | Became a worshipper of Trog the Wrathful
    71 | D        | Noticed a floating eye
    74 | D        | Killed a floating eye
    75 | D        | Reached XP level 2. HP: 30/31 MP: 1/1
    75 | D        | Reached XP level 3. HP: 36/38 MP: 2/2
    75 | D        | Reached XP level 4. HP: 43/45 MP: 3/3
    86 | D        | Reached * piety under Trog
   104 | D        | Reached ** piety under Trog
   106 | D        | Reached skill level 5 in Axes
   106 | D        | Reached XP level 5. HP: 52/52 MP: 4/4
   108 | D        | Reached skill level 1 in Dodging
   166 | D        | Noticed a centaur
   170 | D        | Noticed Crazy Yiuf
   172 | D        | Killed a centaur
   172 | D        | Reached *** piety under Trog
   177 | D        | Reached **** piety under Trog
   178 | D        | Reached XP level 6. HP: 61/61 MP: 5/5
   179 | D        | Killed Crazy Yiuf
   212 | D        | Noticed a komodo dragon
   218 | D        | Killed a komodo dragon
   218 | D        | Reached ***** piety under Trog
   219 | D        | Reached skill level 10 in Armour
   219 | D        | Reached skill level 10 in Shields
   219 | D        | Reached XP level 7. HP: 26/70 MP: 6/6
   465 | D        | Noticed a tyrant leech
   465 | D        | Noticed a death yak
   474 | D        | Killed a death yak
   475 | D        | Reached skill level 10 in Fighting
   475 | D        | Reached skill level 10 in Axes
   475 | D        | Reached XP level 8. HP: 81/81 MP: 7/7
   480 | D        | Killed a tyrant leech
   482 | D        | Received a gift from Trog
   606 | D        | Found a hide-covered altar of Uskayaw.
   606 | D        | Found an ancient bone altar of Kikubaaqudgha.
   606 | D        | Found a broken altar of Ashenzari.
   629 | D        | Noticed Grum
   634 | D        | Killed Grum
   639 | D        | Reached XP level 9. HP: 89/89 MP: 8/8
   660 | D        | Noticed a phantasmal warrior
   670 | D        | Reached skill level 5 in Dodging
   674 | D        | Killed a phantasmal warrior
   676 | D        | Killed an unseen horror
   676 | D        | Reached ****** piety under Trog
   677 | D        | Reached skill level 1 in Stealth
   730 | D        | Received a gift from Trog
   789 | D        | Noticed a polar bear
   806 | D        | Killed a polar bear
   807 | D        | Reached XP level 10. HP: 96/97 MP: 9/9
  1027 | D        | Paralysed by a hornet for 1 turns
  1042 | D        | Noticed a manticore
  1052 | D        | Killed a manticore
  1053 | D        | Reached skill level 15 in Axes
  1063 | D        | Received a gift from Trog
  1349 | D        | Noticed an alligator
  1359 | D        | Killed an alligator
  1362 | D        | Received a gift from Trog
  1367 | D        | Reached skill level 15 in Shields
  1424 | D        | Noticed a swamp dragon
  1424 | D        | Noticed a wizard
  1440 | D        | Killed a wizard
  1440 | D        | Received a gift from Trog
  1447 | D        | Reached skill level 15 in Armour
  1447 | D        | Reached XP level 11. HP: 110/110 MP: 0/10
  1447 | D        | Killed a swamp dragon
  1448 | D        | Received a gift from Trog
  1473 | D        | Received a gift from Trog
  1721 | D        | Noticed Sonja
  1731 | D        | Killed Sonja
  1748 | D        | Received a gift from Trog
  1751 | D        | Reached skill level 15 in Fighting
  1751 | D        | Noticed a swamp dragon
  1762 | D        | Killed a swamp dragon
  2034 | D        | Noticed a nagaraja
  2044 | D        | Killed a nagaraja
  2363 | D        | Noticed Josephine
  2371 | D        | Received a gift from Trog
  2373 | D        | Killed Josephine
  2442 | D        | Noticed Nessos
  2442 | D        | Noticed a lindwurm
  2446 | D        | Received a gift from Trog
  2452 | D        | Killed a lindwurm
  2460 | D        | Killed Nessos
  2829 | D        | Noticed a catoblepas
  2829 | D        | Noticed a hell beast
  2829 | D        | Noticed a deep elf sorcerer
  2829 | D        | Noticed a deep elf blademaster
  2842 | D        | Killed a catoblepas
  2843 | D        | Reached XP level 12. HP: 108/124 MP: 11/11
  2848 | D        | Killed a hell beast
  2848 | D        | Received a gift from Trog
  2853 | D        | Killed a deep elf blademaster
  2857 | D        | HP: 6/124 [acid (12)]
  2857 | D        | Mangled by a deep elf sorcerer

Illustrated notes

Levels and vault maps discovered:
D:        pitsprint [storerooms_1, entrance_room_1, metal_vault_4, armoury_2,
          mini_pit_1, grid_room_1, main_hall_1, silver_pit, the_coven_3,
          the_vestibule_1, steel_vault_5, golden_pit, hallway_of_sentries,
          crystal_vault_2, iron_vault_2, final_vault]

Skill      XL: |  1  2  3  4  5  6  7  8  9 10 11 12 |
---------------+-------------------------------------+-----
Fighting       | 6 7 8 9 10 11 12 14 16 | 16.9
Armour         | 6 7 8 10 11 12 13 15 16 17 | 17.3
Shields        | 6 7 8 10 11 12 13 15 18 | 18.6
Axes           | 4 5 6 8 10 12 14 16 17 18 | 18.0
Dodging        | 1 2 4 5 6 7 |  7.3
Stealth        | 1 2 |  2.5

Action                   |  1- 3 |  4- 6 |  7- 9 | 10-12 || total
-------------------------+-------+-------+-------+-------++-------
Melee: War axe           |     3 |       |       |    62 ||    65
       Hand axe          |     2 |    34 |    76 |    85 ||   197
       Headbutt          |     1 |     9 |    15 |    28 ||    53
Invok: Berserk           |       |     3 |     4 |     6 ||    13
       Brothers in Arms  |       |       |       |     2 ||     2
  Use: Potion            |       |       |       |     9 ||     9
Armor: Scale mail        |     7 |     8 |       |       ||    15
       Plate armour      |       |     7 |    53 |    48 ||   108
       Chain mail        |       |       |       |    34 ||    34
Dodge: Dodged            |     3 |     9 |    15 |    59 ||    86
Block: Kite shield       |     3 |    19 |    48 |   124 ||   194

Table legend: (Time is in decaauts)
 A = Elapsed time spent in this place.
 B = Non-inter-level travel time spent in this place.
 C = Inter-level travel time spent in this place.
 D = Time resting spent in this place.
 E = Time spent auto-exploring this place.
 F = Levels seen in this place.
 G = Mean time per level.
                   A        B        C        D        E       F      G
               +--------+--------+--------+--------+--------+-----+--------+
         Total |   2917 |   2917 |      0 |   1877 |     98 |   1 | 2917.0 |
       Dungeon |   2917 |   2917 |      0 |   1877 |     98 |   1 | 2917.0 |
               +--------+--------+--------+--------+--------+-----+--------+

Top non-repeatable levels by time:
       D: 2917 daAuts
